 Dungeon Crawl Stone Soup version 0.31-a0-182-gc5ef74bbde (webtiles) character file.

Game seed: 148020362756226598

371 qw the Shooter (level 6, -4/57 HPs)
             Began as a Naga Hunter on June 20, 2023.
             Shot with an arrow by a centaur (7 damage)
             ... on level 5 of the Dungeon.
             The game lasted 00:01:06 (2881 turns).

qw the Shooter (Naga Hunter)                        Turns: 2881, Time: 00:01:07

Health: -4/57      AC:  4    Str: 13    XL:     6   Next: 71%
Magic:  6/6        EV: 10    Int:  9    God:
Gold:   149        SH:  0    Dex: 17    Spells: 5/5 levels left

rFire   . . .        Y - +0 orcbow
rCold   . . .        (shield currently unavailable)
rNeg    . . .        c - +0 leather armour
rPois   +            (no helmet)
rElec   .            (no cloak)
rCorr   .            h - +0 pair of gloves
SInv    +            (no barding)
Will    .....        e - amulet of regeneration
Stlth   ++           (no ring)
HPRegen 1.09/turn    (no ring)
MPRegen 0.10/turn

%: no passive effects
@: about to teleport, short of breath, very slow
A: AC +2, large, see invisible, deformed body, poison resistance, slowness 2,
spit poison 1, naga tail 1
a: Spit Poison


You were on level 5 of the Dungeon.
You visited 1 branch of the dungeon, and saw 5 of its levels.

You collected 149 gold pieces.


Innate Abilities, Weirdness & Mutations

Your serpentine skin is tough. (AC +2)
You have supernaturally acute eyesight. (SInv)
Armour fits poorly on your strangely shaped body.
Your system is resistant to poisons. (rPois)
You cover ground very slowly.
You can spit poison.
You have a snake-like lower body.


   Skills:
 - Level 4.0 Fighting
 + Level 6.1 Ranged Weapons
 - Level 2.0 Dodging
 - Level 1.5 Stealth


You had 5 spell levels left.
You didn't know any spells.
Your spell library was empty.

Inventory:

Hand Weapons
 Y - a +0 orcbow (weapon)
Armour
 c - a +0 leather armour (worn)
 h - a +0 pair of gloves (worn)
Jewellery
 e - an amulet of regeneration (around neck)
Scrolls
 b - a scroll of teleportation
Potions
 a - a potion of haste
 d - a potion of ambrosia {unknown}
 f - a potion of mutation {unknown}
 g - a potion of attraction {unknown}
 i - a potion of heal wounds {unknown}
 j - a potion of might {unknown}
 k - a potion of resistance {unknown}
 l - a potion of curing {unknown}

Dungeon Overview and Level Annotations

Branches:
Dungeon (5/15)
 Temple: D:4-7

Altars:
Ashenzari

Annotations:
D:3 3 runed translucent doors, qw's ghost, amateur GrFi


Message History

Your Dodging skill increases to level 2!
2874 ||| INVOKING Spit Poison.
Aiming: Spit Poison (1% risk of failure)
Press: ? - help, Shift-Dir - straight line, f - orc The splash of poison hits the orc.
The orc is poisoned.
The orc is heavily wounded.
The orc hits you with a +0 flail.
The centaur shoots an arrow.
The arrow barely misses you.
You shoot an arrow.
The arrow hits the orc but does no damage.
The orc is heavily wounded.
The orc hits you but does no damage.
The centaur shoots an arrow.
The arrow hits you!
You shoot an arrow. The arrow hits the orc!
You kill the orc!
The centaur shoots an arrow.
The arrow hits you.
You shoot an arrow. The arrow barely misses the centaur.
The centaur shoots an arrow.
The arrow hits you!
You shoot an arrow. The arrow barely misses the centaur.
The centaur shoots an arrow.
The arrow hits you!
The centaur shoots an arrow.
The arrow hits you but does no damage.
You shoot an arrow. The arrow hits the centaur!
The centaur is heavily wounded.
You have got your breath back.
The centaur shoots an arrow.
The arrow closely misses you.
An adder comes into view.
The centaur shoots an arrow.
The arrow hits you!
The adder hisses angrily.
2880 ||| READING 2 scrolls of teleportation.
As you read the scroll of teleportation, it crumbles to dust.
You feel strangely unstable.
The centaur shoots an arrow.
The arrow hits you.
2881 ||| INVOKING Spit Poison.
Aiming: Spit Poison (1% risk of failure)
Press: ? - help, Shift-Dir - straight line, f/p - centaur The splash of poison hits the centaur.
The centaur is heavily wounded.
You hear the slow rusting of a drain very nearby.
The centaur shoots an arrow.
The arrow hits you!
You die...

..#..#####
.........#
..S......#
...).....# ..
.#..c....# #.#
.........#...#
#....)>...#
#@#.# #.#.#
#.#.# #.#.#
#.#.# #.#.#
#...#
######..##
..........#


You could see a centaur and an adder.

Vanquished Creatures
  A scorpion (D:4)
  2 hounds (D:4)
  2 jellies (D:4)
  An orc wizard (D:5)
  7 adders
  4 worms
  5 dart slugs
  11 orcs
  5 endoplasms
  4 giant cockroaches
  3 hobgoblins
  9 kobolds
  5 quokkas
  4 ball pythons
  6 bats
  2 frilled lizards (D:3)
  4 goblins
  8 rats
83 creatures vanquished.

Notes
Turn   | Place    | Note
-------+----------+-------------------------------------------
     0 | D:1      | qw the Naga Hunter began the quest for the Orb.
     0 | D:1      | Reached XP level 1. HP: 19/19 MP: 1/1
     0 | D:1      | 0 ||| qw: Version: 0.3-a-9-g12657ce
     0 | D:1      | 0 ||| qw: Game counter: 1262
     0 | D:1      | 0 ||| qw: Always use a shield: true
     0 | D:1      | 0 ||| qw: God list: Okawaru
     0 | D:1      | 0 ||| qw: Allow faded altars: false
     0 | D:1      | 0 ||| qw: Do Orc after D:15 true
     0 | D:1      | 0 ||| qw: Do second Lair branch before Depths: true
     0 | D:1      | 0 ||| qw: Lair rune preference: random
     0 | D:1      | 0 ||| qw: Plans: Normal
     0 | D:1      | 0 ||| PLANNING D:1-11
    23 | D:1      | 23 ||| INVOKING Spit Poison.
    28 | D:1      | 28 ||| INVOKING Spit Poison.
    99 | D:1      | 99 ||| INVOKING Spit Poison.
   133 | D:1      | 133 ||| INVOKING Spit Poison.
   137 | D:1      | Reached skill level 4 in Ranged Weapons
   137 | D:1      | Reached XP level 2. HP: 23/26 MP: 2/2
   186 | D:1      | 186 ||| INVOKING Spit Poison.
   209 | D:1      | 209 ||| INVOKING Spit Poison.
   224 | D:1      | 224 ||| INVOKING Spit Poison.
   230 | D:1      | 230 ||| INVOKING Spit Poison.
   259 | D:1      | 259 ||| INVOKING Spit Poison.
   300 | D:1      | 300 ||| INVOKING Spit Poison.
   463 | D:1      | 463 ||| INVOKING Spit Poison.
   513 | D:1      | 513 ||| INVOKING Spit Poison.
   548 | D:1      | 548 ||| INVOKING Spit Poison.
   589 | D:1      | 589 ||| INVOKING Spit Poison.
   683 | D:1      | 683 ||| INVOKING Spit Poison.
   685 | D:1      | Reached XP level 3. HP: 32/32 MP: 3/3
   689 | D:1      | 689 ||| INVOKING Spit Poison.
   721 | D:1      | 721 ||| UPGRADING to +0 pair of gloves.
   726 | D:1      | 726 ||| UPGRADING to amulet of regeneration.
   731 | D:1      | 731 ||| READING scroll labelled AHIOHUS LEKIRPH.
   732 | D:1      | 732 ||| READING scroll labelled NEATIN IHEQ.
   737 | D:1      | 737 ||| DROPPING scroll of butterflies.
   779 | D:2      | 779 ||| SWAPPING to +0 orcbow.
   780 | D:2      | 780 ||| DROPPING +0 shortbow.
   784 | D:2      | 784 ||| INVOKING Spit Poison.
   835 | D:2      | 835 ||| INVOKING Spit Poison.
   840 | D:2      | 840 ||| INVOKING Spit Poison.
   863 | D:2      | 863 ||| INVOKING Spit Poison.
   877 | D:2      | 877 ||| INVOKING Spit Poison.
   906 | D:2      | 906 ||| INVOKING Spit Poison.
   915 | D:2      | 915 ||| INVOKING Spit Poison.
   916 | D:2      | 916 ||| INVOKING Spit Poison.
   922 | D:2      | 922 ||| INVOKING Spit Poison.
   925 | D:2      | 925 ||| INVOKING Spit Poison.
   964 | D:2      | 964 ||| INVOKING Spit Poison.
   993 | D:2      | 993 ||| INVOKING Spit Poison.
  1083 | D:2      | 1083 ||| INVOKING Spit Poison.
  1087 | D:2      | Reached skill level 5 in Ranged Weapons
  1087 | D:2      | Reached XP level 4. HP: 38/39 MP: 4/4
  1116 | D:2      | 1116 ||| INVOKING Spit Poison.
  1121 | D:2      | 1121 ||| INVOKING Spit Poison.
  1237 | D:2      | 1237 ||| INVOKING Spit Poison.
  1332 | D:2      | 1332 ||| READING scroll labelled BAL HEL ROCLUO.
  1333 | D:2      | 1333 ||| READING scroll labelled TICICWU LYTH.
  1334 | D:2      | 1334 ||| READING scroll labelled RECOANLUTOG.
  1335 | D:2      | 1335 ||| READING scroll labelled UBUAGRO GUDWEU.
  1336 | D:2      | 1336 ||| DRINKING 2 bubbling coppery potions.
  1337 | D:2      | 1337 ||| DROPPING potion of degeneration.
  1399 | D:3      | 1399 ||| INVOKING Spit Poison.
  1404 | D:3      | 1404 ||| INVOKING Spit Poison.
  1442 | D:3      | 1442 ||| INVOKING Spit Poison.
  1447 | D:3      | 1447 ||| INVOKING Spit Poison.
  1470 | D:3      | 1470 ||| INVOKING Spit Poison.
  1488 | D:3      | 1488 ||| INVOKING Spit Poison.
  1490 | D:3      | Reached skill level 3 in Fighting
  1496 | D:3      | 1496 ||| INVOKING Spit Poison.
  1499 | D:3      | 1499 ||| INVOKING Spit Poison.
  1519 | D:3      | 1519 ||| INVOKING Spit Poison.
  1600 | D:3      | 1600 ||| INVOKING Spit Poison.
  1601 | D:3      | 1601 ||| INVOKING Spit Poison.
  1636 | D:3      | Found a faded altar of an unknown god.
  1721 | D:3      | Found a broken altar of Ashenzari.
  1747 | D:3      | 1747 ||| INVOKING Spit Poison.
  1791 | D:3      | 1791 ||| INVOKING Spit Poison.
  1794 | D:3      | Found a runed translucent gate.
  1794 | D:3      | Found a runed translucent gate.
  1794 | D:3      | Found a runed translucent gate.
  1794 | D:3      | Noticed qw's ghost (amateur GrFi)
  2104 | D:3      | 2104 ||| DRINKING 2 sedimented cyan potions.
  2133 | D:4      | 2133 ||| INVOKING Spit Poison.
  2137 | D:4      | Reached XP level 5. HP: 49/49 MP: 5/5
  2168 | D:4      | 2168 ||| INVOKING Spit Poison.
  2173 | D:4      | 2173 ||| INVOKING Spit Poison.
  2194 | D:4      | 2194 ||| INVOKING Spit Poison.
  2197 | D:4      | 2197 ||| INVOKING Spit Poison.
  2260 | D:4      | 2260 ||| INVOKING Spit Poison.
  2284 | D:4      | 2284 ||| INVOKING Spit Poison.
  2296 | D:4      | 2296 ||| INVOKING Spit Poison.
  2304 | D:4      | 2304 ||| INVOKING Spit Poison.
  2307 | D:4      | Reached skill level 6 in Ranged Weapons
  2307 | D:4      | Reached XP level 6. HP: 56/56 MP: 6/6
  2308 | D:4      | 2308 ||| INVOKING Spit Poison.
  2313 | D:4      | 2313 ||| INVOKING Spit Poison.
  2318 | D:4      | 2318 ||| INVOKING Spit Poison.
  2350 | D:4      | 2350 ||| INVOKING Spit Poison.
  2364 | D:4      | 2364 ||| INVOKING Spit Poison.
  2370 | D:4      | 2370 ||| INVOKING Spit Poison.
  2373 | D:4      | 2373 ||| INVOKING Spit Poison.
  2418 | D:4      | 2418 ||| INVOKING Spit Poison.
  2423 | D:4      | 2423 ||| INVOKING Spit Poison.
  2436 | D:4      | 2436 ||| INVOKING Spit Poison.
  2441 | D:4      | 2441 ||| INVOKING Spit Poison.
  2445 | D:4      | 2445 ||| INVOKING Spit Poison.
  2450 | D:4      | 2450 ||| INVOKING Spit Poison.
  2839 | D:5      | Entered Level 5 of the Dungeon
  2840 | D:5      | 2840 ||| PLANNING SEWER
  2853 | D:5      | 2853 ||| INVOKING Spit Poison.
  2870 | D:5      | 2870 ||| INVOKING Spit Poison.
  2874 | D:5      | 2874 ||| INVOKING Spit Poison.
  2879 | D:5      | HP: 7/57 [centaur/arrow (11)]
  2880 | D:5      | 2880 ||| READING 2 scrolls of teleportation.
  2880 | D:5      | HP: 2/57 [centaur/arrow (6)]
  2881 | D:5      | 2881 ||| INVOKING Spit Poison.
  2881 | D:5      | Shot with an arrow by a centaur

Levels and vault maps discovered:
D:1:      lemuel_arrival_tunnels, layout_basic
D:2:      layout_loops_cross
D:3:      layout_basic, mainiacjoe_overflow_six_doors_small,
          ebering_ghost_rock_garden,
          hellmonk_ecumenical_altar_pennies_from_heaven
D:4:      layout_basic
D:5:      layout_rooms, mainiacjoe_overflow_big_doors, lemuel_temple_firewalk_a,
          serial_glass, glass_columns_a, glass_columns_a, gup_sewer_entry_pipe,
          uniq_blork_the_orc, uniq_grinder

Skill      XL: |  1  2  3  4  5  6 |
---------------+-------------------+-----
Ranged Weapons | 4 5 6 |  6.1
Fighting       | 3 4 |  4.0
Dodging        | 2 |  2.0
Stealth        | |  1.5

Action                     |  1- 3 |  4- 6 || total
---------------------------+-------+-------++-------
   Fire: Shortbow          |    28 |       ||    28
         Orcbow            |    17 |   118 ||   135
Ability: Spit Poison       |    28 |    41 ||    69
    Use: Scroll            |     2 |     5 ||     7
         Potion            |       |     2 ||     2
 Armour: Leather armour    |     6 |    19 ||    25
  Dodge: Dodged            |    13 |    46 ||    59

Table legend:
 A = Non-vault XP
 B = Vault XP
 C = Vault XP percentage of total XP
 D = Non-vault monster count
 E = Vault monster count
 F = Vault count percentage of total count
                 A         B        C        D         E       F
            +---------+---------+-------+---------+---------+-------
      Total |     531 |       0 |   0.0 |      83 |       0 |   0.0
            +---------+---------+-------+---------+---------+-------
        D:1 |      36 |       0 |   0.0 |      20 |       0 |   0.0
        D:2 |      62 |       0 |   0.0 |      17 |       0 |   0.0
        D:3 |      61 |       0 |   0.0 |      18 |       0 |   0.0
        D:4 |     331 |       0 |   0.0 |      25 |       0 |   0.0
        D:5 |      41 |       0 |   0.0 |       3 |       0 |   0.0
            +---------+---------+-------+---------+---------+-------
